 Dungeon Crawl Stone Soup version 0.30-a0-570-g486de37d69 (webtiles) character file.

Game seed: 3704159684423346427

189 Masnef the Sneak (level 6, -4/35 HPs)
             Began as a Kobold Brigand on Dec 29, 2022.
             Was an Initiate of Dithmenos.
             Slain by an iguana (14 damage)
             ... on level 4 of the Dungeon.
             The game lasted 00:05:37 (3191 turns).

Masnef the Sneak (Kobold Brigand)                   Turns: 3191, Time: 00:05:38

Health: -4/35      AC:  3    Str:  9    XL:     6   Next: 0%
Magic:  6/6        EV: 14    Int: 14    God:    Dithmenos [......]
Gold:   235        SH:  0    Dex: 16    Spells: 5/5 levels left

rFire   . . .      SeeInvis .    a - +2 dagger
rCold   . . .      Faith    .    (no shield)
rNeg    . . .      Spirit   .    b - +0 robe
rPois   +          Reflect  .    (no helmet)
rElec   .          Harm     .    c - +0 cloak
rCorr   +          Rampage  .    (no gloves)
Will    .....                    (no boots)
Stlth   +++++                    q - amulet of regeneration
HPRegen 1.05/turn                i - ring of poison resistance
MPRegen 0.10/turn                l - ring of resist corrosion

@: no status effects
A: small, no large weapons, nightstalker 3
a: Renounce Religion


You were on level 4 of the Dungeon.
You worshipped Dithmenos.
Dithmenos was noncommittal.
You visited 1 branch of the dungeon, and saw 4 of its levels.

You collected 235 gold pieces.

Inventory:

Hand Weapons
 a - a +2 dagger (weapon)
 r - a +0 rapier
 A - a +0 sling
Missiles
 d - 12 poisoned darts (quivered)
 e - 3 curare-tipped darts
Armour
 b - a +0 robe (worn)
 c - a +0 cloak (worn)
 j - a +0 kite shield
Jewellery
 i - a ring of poison resistance (left hand)
 l - a ring of resist corrosion (right hand)
 q - an amulet of regeneration (around neck)
Wands
 v - a wand of charming (20)
 y - a wand of polymorph (8)
Scrolls
 g - a scroll of acquirement {unknown}
 h - a scroll of blinking {unknown}
 k - a scroll of fear
 n - 2 scrolls of vulnerability {unknown}
 o - a scroll of immolation
 s - 2 scrolls of teleportation {unknown}
 t - 2 scrolls of noise
 u - a scroll of enchant armour
 x - a scroll of identify
 z - a scroll of fog {unknown}
 B - a scroll of amnesia {unknown}
Potions
 f - a potion of brilliance {unknown}
 m - a potion of curing {unknown}
 p - 2 potions of mutation {unknown}
 w - a potion of heal wounds {unknown}


   Skills:
 - Level 2.2 Fighting
 + Level 5.3 Short Blades
 - Level 2.3 Throwing
 - Level 1.2 Dodging
 + Level 7.8 Stealth


You had 5 spell levels left.
You didn't know any spells.
Your spell library was empty.

Dungeon Overview and Level Annotations

Branches:
Dungeon (4/15)
 Temple: D:4-7

Altars:
Dithmenos

Annotations:
D:3 2 transporters, Heedrag's ghost, amateur DsCj


Innate Abilities, Weirdness & Mutations

You are small and have problems with some larger weapons.
You are completely attuned to the shadows.


Message History

A goblin comes into view. It is wielding a +0 club.
An iguana comes into view.
The helpless goblin fails to defend itself.
You stick the goblin like a pincushion!!!
You kill the goblin!
Dithmenos accepts your kill. The iguana bites you.
You barely miss the iguana.
The iguana bites you but does no damage.
You hit the iguana but do no damage. The iguana bites you!
Throw: 15 darts (poison)
Press: ? - help, Q - select action, (/) - cycle Shift-Dir - straight line, f - iguana
Aim: an iguana (65% to hit)
You throw a poisoned dart. The poisoned dart hits the iguana.
The iguana is poisoned.
The iguana bites you!
Throw: 14 darts (poison)
Press: ? - help, Q - select action, (/) - cycle Shift-Dir - straight line, f/p - iguana
Aim: an iguana (lightly wounded, poisoned, 65% to hit)
You throw a poisoned dart. The poisoned dart hits the iguana.
The iguana looks even sicker.
The iguana is lightly wounded.
The iguana barely misses you.
Throw: 13 darts (poison)
Press: ? - help, Q - select action, (/) - cycle Shift-Dir - straight line, f/p - iguana
Aim: an iguana (lightly wounded, very poisoned, 65% to hit)
You throw a poisoned dart. The poisoned dart hits the iguana!
The iguana looks as sick as possible!
The iguana is lightly wounded.
You are too injured to fight recklessly!
You are too injured to fight recklessly!
You are too injured to fight recklessly!
You barely miss the iguana.
The iguana is lightly wounded.
The iguana bites you!
* * * LOW HITPOINT WARNING * * *
You hit the iguana but do no damage.
The iguana is lightly wounded.
The iguana bites you!
You die...

...#######.. #.....
#####...####.###.
#.............#..
#####.............#.#
#......)............)
#........##.......#..
.#........##.......#..
.....@.#####.......#..
#..l..# #.......##.
###'### #.......##.
#.# .....#####. #.#
#.###.# #. #.# #.# #.#
## #.######.# #.#
#.....##.###.#
#####........#####


You could see an iguana (extremely poisoned).

Vanquished Creatures
  A hound (D:4)
  Jessica (D:2)
  Ijyb (D:3)
  4 adders
  A worm (D:3)
  2 dart slugs (D:2)
  5 orcs
  5 ball pythons
  5 endoplasms
  5 giant cockroaches
  4 goblins
  6 hobgoblins
  5 jackals (D:4)
  2 quokkas
  4 bats
  3 frilled lizards
  A kobold (D:2)
  5 rats
60 creatures vanquished.

Notes
Turn   | Place    | Note
-------+----------+-------------------------------------------
     0 | D:1      | Masnef the Kobold Brigand began the quest for the Orb.
     0 | D:1      | Reached XP level 1. HP: 12/12 MP: 1/1
   143 | D:1      | Reached XP level 2. HP: 17/17 MP: 2/2
  1008 | D:2      | Reached XP level 3. HP: 21/21 MP: 3/3
  1184 | D:2      | Reached skill level 6 in Stealth
  1252 | D:2      | Reached XP level 4. HP: 20/26 MP: 4/4
  1416 | D:2      | Noticed Jessica
  1419 | D:2      | Killed Jessica
  2073 | D:3      | Reached XP level 5. HP: 30/30 MP: 5/5
  2138 | D:3      | Found a transporter.
  2143 | D:3      | Noticed Heedrag's ghost (amateur DsCj)
  2144 | D:3      | Found a transporter.
  2145 | D:3      | Identified the +9 great mace of Duqymise {heavy, Str+2}
  2145 | D:3      | Noticed an ogre
  2195 | D:3      | Reached skill level 7 in Stealth
  2349 | D:3      | Found a shadowy altar of Dithmenos.
  2351 | D:3      | Noticed Ijyb
  2355 | D:3      | Killed Ijyb
  2356 | D:3      | Reached skill level 5 in Short Blades
  2360 | D:3      | Became a worshipper of Dithmenos the Shadowed
  3124 | D:4      | Reached XP level 6. HP: 22/35 MP: 6/6
  3191 | D:4      | Slain by an iguana

Illustrated notes

Levels and vault maps discovered:
D:1:      lightli_arrival_statuegarden, layout_basic
D:2:      layout_loops_corners, minmay_statues_item, uniq_jessica
D:3:      layout_loops_ring, mainiacjoe_overflow_tiny_flanked,
          gammafunk_ghost_smash, uniq_ijyb
D:4:      layout_basic

Skill      XL: |  1  2  3  4  5 |
---------------+----------------+-----
Short Blades   | 3 4 5 |  5.3
Stealth        | 6 7 |  7.8
Fighting       | |  2.2
Throwing       | |  2.3
Dodging        | |  1.2

Action                   |  1- 3 |  4- 6 || total
-------------------------+-------+-------++-------
Melee: Dagger            |    80 |   106 ||   186
Throw: Dart              |     2 |    12 ||    14
  Use: Scroll            |       |     4 ||     4
 Stab: Sleeping          |    13 |    14 ||    27
Armor: Robe              |    11 |     9 ||    20
Dodge: Dodged            |    53 |    54 ||   107

Table legend: (Time is in decaauts)
 A = Elapsed time spent in this place.
 B = Non-inter-level travel time spent in this place.
 C = Inter-level travel time spent in this place.
 D = Time resting spent in this place.
 E = Time spent auto-exploring this place.
 F = Levels seen in this place.
 G = Mean time per level.
                   A        B        C        D        E       F      G
               +--------+--------+--------+--------+--------+-----+--------+
         Total |   3148 |   3077 |     71 |      0 |   2670 |   4 |  787.0 |
       Dungeon |   3148 |   3077 |     71 |      0 |   2670 |   4 |  787.0 |
               +--------+--------+--------+--------+--------+-----+--------+

Top non-repeatable levels by time:
     D:2: 1026 daAuts
     D:1: 993 daAuts
     D:3: 647 daAuts
     D:4: 481 daAuts
